 Dungeon Crawl Stone Soup version 0.31-a0-263-ge8cad7f256 (webtiles) character file.

Game seed: 1263011689234752781

11 qw the Shooter (level 2, -6/23 HPs)
             Began as a Minotaur Hexslinger on July 13, 2023.
             Mangled by Natasha (9 damage)
             ... on level 2 of the Dungeon.
             The game lasted 00:00:13 (793 turns).

qw the Shooter (Minotaur Hexslinger)                 Turns: 793, Time: 00:00:14

Health: -6/23      AC:  2    Str: 12    XL:     2   Next: 13%
Magic:  2/2        EV: 12    Int: 10    God:
Gold:   39         SH:  0    Dex: 12    Spells: 2/3 levels left

rFire   . . .        Y - +1 sling
rCold   . . .        (no shield)
rNeg    . . .        c - +0 robe
rPois   .            (helmet restricted)
rElec   .            (no cloak)
rCorr   .            (no gloves)
SInv    .            (no boots)
Will    .....        i - amulet of the acrobat
Stlth   +            (no ring)
HPRegen 0.23/turn    (no ring)
MPRegen 0.08/turn

%: acrobat
@: slowed, very slow
A: horns 2, retaliatory headbutt
a: no special abilities


You were on level 2 of the Dungeon.
You visited 1 branch of the dungeon, and saw 2 of its levels.

You collected 39 gold pieces.


Innate Abilities, Weirdness & Mutations

You have a pair of horns on your head.
You reflexively headbutt those who attack you in melee.


   Skills:
 + Level 1.5 Fighting
 - Level 3.1 Ranged Weapons
 - Level 2.1 Dodging
 - Level 1.0 Spellcasting
 - Level 2.0 Hexes


You had 2 spell levels left.
You knew the following spells:

 Your Spells              Type           Power      Damage    Failure   Level
a - Slow                  Hex            16%        N/A       16%         1

Your spell library contained the following spells:

 Spells                   Type           Power      Damage    Failure   Level
 Inner Flame              Hex/Fire       2%         N/A       56%         3
 Portal Projectile        Hex/Tloc       4%         N/A       56%         3
 Cause Fear               Hex            2%         N/A       83%         4

Inventory:

Hand Weapons
 Y - a +1 sling (weapon)
Armour
 c - a +0 robe (worn)
Jewellery
 i - an amulet of the acrobat (around neck)
Potions
 d - a potion of lignification {unknown}
 e - a potion of might {unknown}
 j - a potion of curing {unknown}
 m - a potion of haste {unknown}

Dungeon Overview and Level Annotations

Branches:
Dungeon (2/15)

Altars:

Annotations:
D:2 Natasha


Message History

The sling bullet closely misses the cerulean imp.
Natasha claws you but does no damage.
The cerulean imp hits you from afar with a +2 spear. x2
Natasha claws you but does no damage.
You shoot a sling bullet.
The sling bullet closely misses Natasha.
The sling bullet hits the cerulean imp!
The cerulean imp is heavily wounded.
Natasha barely misses you.
The cerulean imp hits you from afar with a +2 spear.
Natasha claws you.
The cerulean imp hits you from afar with a +2 spear.
You shoot a sling bullet.
The sling bullet closely misses Natasha.
The sling bullet hits the cerulean imp but does no damage.
The cerulean imp is heavily wounded.
Natasha claws you but does no damage. The cerulean imp closely misses you.
Natasha claws you.
The cerulean imp hits you from afar with a +2 spear.
790 ||| DRINKING potion of heal wounds.
You feel much better. Natasha claws you.
The cerulean imp hits you from afar with a +2 spear.
You shoot a sling bullet. The sling bullet barely misses Natasha.
The sling bullet barely misses the cerulean imp.
Natasha casts a spell at you.
You feel as though you will be slow longer.
The cerulean imp hits you from afar with a +2 spear.
Natasha claws you! The cerulean imp misses you.
You shoot a sling bullet. The sling bullet misses Natasha.
The sling bullet hits the cerulean imp.
The cerulean imp is heavily wounded.
Natasha stares at you and mumbles some strange words.
You resist with significant effort. The cerulean imp barely misses you.
Natasha casts a spell at you.
You feel as though you will be slow longer.
The cerulean imp hits you from afar with a +2 spear.
You shoot a sling bullet. The sling bullet hits Natasha.
Natasha is lightly wounded.
Natasha claws you!
You die...

###
#############.#
#.............#
#.###########.#
#..........<#.#
#############.#
.....5h@....#
...##########


You could see Natasha and a cerulean imp (summoned).

Vanquished Creatures
  A bat (D:2)
  A goblin (D:1)
  A hobgoblin (D:1)
  2 jackals (D:1)
  3 kobolds (D:1)
  A ball python (D:2)
  A frilled lizard (D:1)
10 creatures vanquished.

Notes
Turn   | Place    | Note
-------+----------+-------------------------------------------
     0 | D:1      | qw the Minotaur Hexslinger began the quest for the Orb.
     0 | D:1      | Reached XP level 1. HP: 16/16 MP: 1/1
     0 | D:1      | 0 ||| qw: Version: 0.3-a-52-g30416fa
     0 | D:1      | 0 ||| qw: Game counter: 7081
     0 | D:1      | 0 ||| qw: Melee chars always use a shield: true
     0 | D:1      | 0 ||| qw: God list: Okawaru
     0 | D:1      | 0 ||| qw: Allow faded altars: false
     0 | D:1      | 0 ||| qw: Do Orc after clearing Dungeon:15 true
     0 | D:1      | 0 ||| qw: Do second Lair branch before Depths: true
     0 | D:1      | 0 ||| qw: Lair rune preference: random
     0 | D:1      | 0 ||| qw: Goals: Normal
     0 | D:1      | 0 ||| PLANNING D:1-11
   511 | D:1      | Reached skill level 3 in Ranged Weapons
   511 | D:1      | Reached XP level 2. HP: 23/23 MP: 2/2
   611 | D:1      | 611 ||| UPGRADING to amulet of the acrobat.
   616 | D:1      | 616 ||| READING scroll labelled HIATUWNUUC.
   617 | D:1      | 617 ||| READING scroll labelled NOXOWY ATHRO.
   718 | D:1      | 718 ||| READING scroll labelled ALYKKAOSSY.
   719 | D:1      | 719 ||| READING scroll labelled ZATELE EMUIS.
   720 | D:1      | 720 ||| READING scroll labelled LIL IHUYDET.
   721 | D:1      | 721 ||| DRINKING 2 purple potions.
   722 | D:1      | 722 ||| DROPPING scroll of poison.
   780 | D:2      | Noticed Natasha
   789 | D:2      | HP: 2/23 [cerulean imp/+2 spear[Natasha] (4)]
   790 | D:2      | 790 ||| DRINKING potion of heal wounds.
   793 | D:2      | Mangled by Natasha

Levels and vault maps discovered:
D:1:      mushboom_english_gardens, layout_basic, dk_noncrumbling_3
D:2:      layout_basic, serial_shops, shop, uniq_terence,
          uniq_crazy_yiuf_cottage, uniq_natasha

Skill      XL: |  1 |
---------------+----+-----
Ranged Weapons | 3 |  3.1
Fighting       | |  1.5
Dodging        | |  2.1
Spellcasting   | |  1.0
Hexes          | |  2.0

Action                     || total
---------------------------++-------
   Fire: Sling             ||    39
    Use: Scroll            ||     5
         Potion            ||     2
 Armour: Robe              ||     4
  Dodge: Dodged            ||    16

Table legend:
 A = Non-vault XP
 B = Vault XP
 C = Vault XP percentage of total XP
 D = Non-vault monster count
 E = Vault monster count
 F = Vault count percentage of total count
                 A         B        C        D         E       F
            +---------+---------+-------+---------+---------+-------
      Total |      16 |       0 |   0.0 |      10 |       0 |   0.0
            +---------+---------+-------+---------+---------+-------
        D:1 |      13 |       0 |   0.0 |       8 |       0 |   0.0
        D:2 |       3 |       0 |   0.0 |       2 |       0 |   0.0
            +---------+---------+-------+---------+---------+-------
